 Dungeon Crawl Stone Soup version 0.20.0-6-gd3061e9 (webtiles) character file.

8876 Monsterracer the Zephyrmancer (level 11, -1/68 HPs)
             Began as a Tengu Air Elementalist on May 28, 2017.
             Killed by their own static electricity (3 damage)
             ... on level 9 of the Dungeon.
             The game lasted 00:57:15 (14395 turns).

Monsterracer the Zephyrmancer (TeAE)               Turns: 14395, Time: 00:57:16

Health: -1/68      AC:  9    Str:  8    XL:     11   Next: 37%
Magic:  0/21       EV: 16    Int: 24    God:
Gold:   417        SH:  0    Dex: 15    Spells: 1/22 levels left

rFire    + . .     SeeInvis .   p - +0 quarterstaff
rCold    + + .     Gourm    .   (shield currently unavailable)
rNeg     . . .     Faith    .   b - +2 robe {rC+ rF+}
rPois    .         Spirit   .   (helmet restricted)
rElec    .         Reflect  .   f - +0 cloak
rCorr    .         Harm     .   r - +1 pair of gloves
MR       .....                  (boots unavailable)
Stlth    ++........             i - amulet of rage
Regen    0.3/turn               h - +5 ring of intelligence
MPRegen  0.2/turn               l - ring of protection from cold

@: no status effects
A: beak, talons 3, molten scales 1, robust 1, able to fly 1
a: Fly, Evoke Berserk Rage


You were on level 9 of the Dungeon.
You were very hungry.

You visited 2 branches of the dungeon, and saw 10 of its levels.

You collected 417 gold pieces.

Inventory:

Hand Weapons
 p - a +0 quarterstaff (weapon)
Armour
 b - a +2 robe of resistance (worn)
 f - a +0 cloak (worn)
 m - a +0 shield
 r - a +1 pair of gloves (worn)
 v - a +2 robe of magic resistance
Jewellery
 h - a +5 ring of intelligence (left hand)
 i - an amulet of rage (around neck)
 l - a ring of protection from cold (right hand)
Wands
 t - a wand of polymorph (14/24)
 x - a wand of flame (29/48)
Scrolls
 a - 2 scrolls of amnesia
 d - 2 scrolls of remove curse
 j - 3 scrolls of teleportation
 o - 8 scrolls of identify
 w - a scroll of recharging
Potions
 e - 2 potions of magic
 g - 2 potions of flight
 q - 3 potions of curing
 s - 2 potions of might
 B - a potion of mutation
Books
 z - a book of Annihilations

   Spells                             Type                      Level
   a - Poison Arrow                   Conjuration/Poison           6
   b - Chain Lightning                Conjuration/Air              8
   c - Lehudib's Crystal Spear        Conjuration/Earth            8
   d - Glaciate                       Conjuration/Ice              9
   e - Fire Storm                     Conjuration/Fire             9
 A - a book of Clouds

   Spells                             Type                      Level
   a - Poisonous Vapours              Poison/Air                   2
   b - Mephitic Cloud                 Conjuration/Poison/Air       3
   c - Conjure Flame                  Conjuration/Fire             3
   d - Freezing Cloud                 Conjuration/Ice/Air          6
   e - Ring of Flames                 Charms/Fire                  7
Comestibles
 c - 10 bread rations
 k - 3 royal jellies
 n - 2 meat rations


   Skills:
 + Level 4.9 Fighting
 + Level 5.4 Staves
 + Level 6.1 Dodging
 - Level 2.0 Stealth
 + Level 6.2 Spellcasting
 * Level 11.9 Conjurations
 * Level 13.0 Air Magic


You had one spell level left.
You knew the following spells:

 Your Spells              Type           Power        Failure   Level  Hunger
a - Shock                 Conj/Air       ####         1%          1    None
b - Ozocubu's Armour      Chrm/Ice       #.......     24%         3    #......
c - Static Discharge      Conj/Air       ######..     1%          3    #......
d - Airstrike             Air            ######....   1%          4    ###....
e - Swiftness             Chrm/Air       #####...     1%          2    None
f - Lightning Bolt        Conj/Air       ######....   1%          5    #####..
g - Mephitic Cloud        Conj/Pois/Air  #####...     1%          3    #......


Dungeon Overview and Level Annotations

Branches:
Dungeon (9/15)             Temple (1/1) D:6
   Lair: D:8-11         Orc: D:9-12

Altars:
Ashenzari
Cheibriados
Dithmenos
Fedhas
Gozag
Hepliaklqana
Kikubaaqudgha
Makhleb
Nemelex Xobeh
Okawaru
Qazlal
Ru
Sif Muna
Xom
Yredelemnul
Zin
The Shining One

Shops:
D:4 :   D:7 *   D:8 [

Annotations:
D:9 1 transporter


Innate Abilities, Weirdness & Mutations

You have a beak for a mouth.
You have claws for feet.
You can fly.
You are partially covered in molten scales. (AC +2)
You are robust. (+10% HP)


Message History

Evoke which item? (* to show all) (? for menu, Esc to quit)
Aiming: Throw Flame (will waste charges)
Press: ? - help, Shift-Dir - straight line, f - warg
Aim: a warg (severely wounded)
The puff of flame hits the warg.
The warg is almost dead.
Evoking this partially-identified wand wasted a few charges.
The warg bites you!
* * * LOW HITPOINT WARNING * * *
The warg bites you but does no damage.
Press: ? - help, v - describe, . - travel
Here: a warg (almost dead)
The floor.
Okay, then.
Casting: Static Discharge
Confirm with . or Enter, or press ? or * to list all spells.
The warg is struck by lightning.
You kill the warg!
The lightning arcs!
You are struck by lightning.
You die...

######### #.......# #.......#
##### #.......# #....
###.......######### #....
##..............@†.##########....
...#.......#######.....)...['....
.###.......# ############.... ##
#.......# #...[ ##.######
#######.... #.# #oo[yy..... #.#
#####.######'## #.# #...o.#
#....(. #.### ###.###.###.###..


There were no monsters in sight!

Vanquished Creatures
  2 two-headed ogres (D:8)
  Pikel (D:4)
  A troll (D:9)
  Grinder (D:5)
  4 hippogriffs
  Sigmund (D:5)
  A spriggan (D:7)
  The ghost of Larmestyx the Sneak, an amateur VSEn (D:5)
  A warg (D:9)
  4 sky beasts
  Duvessa (D:6)
  8 orc warriors
  A slave (D:5)
  A black bear (D:6)
  An eye of draining (D:8)
  A necrophage (D:7)
  An ogre (D:8)
  2 centaurs
  3 phantoms
  A crocodile (D:7)
  2 big kobolds
  8 bullfrogs
  A water moccasin skeleton (D:6)
  3 scorpions
  Dowan (D:6)
  10 killer bees (D:8)
  A jelly (D:6)
  An electric eel (D:9)
  A wight (D:7)
  3 howler monkeys
  A bullfrog zombie (D:7)
  A centaur zombie (D:9)
  7 crimson imps
  7 orc priests
  7 hounds
  2 quasits
  A centaur skeleton (D:8)
  5 orc wizards
  A bullfrog skeleton (D:4)
  3 iguanas
  Ijyb (D:5)
  12 worker ants
  2 hound zombies
  3 hound skeletons
  3 gnolls (D:3)
  16 adders
  5 shadow imps
  3 oozes
  An adder zombie (D:8)
  3 worms
  6 dart slugs
  6 leopard geckos
  36 orcs
  6 giant cockroaches
  13 goblins
  5 hobgoblins
  13 jackals
  6 kobolds
  3 quokkas
  6 bats
  5 frilled lizards
  A jackal skeleton (D:4)
  2 leopard gecko skeletons
  A leopard gecko zombie (D:4)
  A quokka skeleton (D:7)
  A quokka zombie (D:7)
  12 rats
275 creatures vanquished.

Vanquished Creatures (others)
  3 plants (D:8)
3 creatures vanquished.

Grand Total: 278 creatures vanquished

Notes
Turn   | Place    | Note
-------+----------+-------------------------------------------
     0 | D:1      | Monsterracer the Tengu Air Elementalist began the quest for the Orb.
     0 | D:1      | Reached XP level 1. HP: 10/10 MP: 4/4
   387 | D:1      | Reached XP level 2. HP: 15/15 MP: 4/6
   420 | D:1      | Learned a level 2 spell: Swiftness
   888 | D:1      | Reached XP level 3. HP: 19/19 MP: 2/7
   893 | D:1      | Learned a level 3 spell: Static Discharge
  1263 | D:2      | Found a basalt altar of Yredelemnul.
  1369 | D:2      | Reached skill level 5 in Air Magic
  1556 | D:2      | Reached XP level 4. HP: 24/24 MP: 2/8
  1634 | D:2      | Gained mutation: You are robust. (+10% HP) [potion of mutation]
  1634 | D:2      | Gained mutation: You are partially covered in molten scales. (AC +2) [potion of mutation]
  2004 | D:2      | Found a sparkling altar of Nemelex Xobeh.
  2004 | D:2      | Found an opulent altar of Gozag.
  2610 | D:3      | Gained mutation: You can fly. [Tengu growth]
  2610 | D:3      | Reached XP level 5. HP: 30/30 MP: 7/9
  2813 | D:3      | Reached skill level 6 in Air Magic
  3724 | D:4      | Reached XP level 6. HP: 35/35 MP: 4/11
  3730 | D:4      | Learned a level 4 spell: Airstrike
  3839 | D:4      | Reached skill level 5 in Conjurations
  4162 | D:4      | Reached skill level 7 in Air Magic
  4489 | D:4      | Found Sad Ucau's Book Emporium.
  4539 | D:4      | Reached XP level 7. HP: 29/39 MP: 8/12
  5078 | D:5      | Entered Level 5 of the Dungeon
  5302 | D:5      | Noticed Sigmund
  5306 | D:5      | Killed Sigmund
  5306 | D:5      | Reached skill level 8 in Air Magic
  5344 | D:5      | Noticed Larmestyx's ghost (amateur VSEn)
  5409 | D:5      | Killed Larmestyx's ghost
  5409 | D:5      | Reached XP level 8. HP: 45/45 MP: 1/14
  5666 | D:5      | Noticed Pikel
  5920 | D:4      | Killed Pikel
  5920 | D:4      | Reached skill level 1 in Fighting
  5920 | D:4      | Reached skill level 1 in Staves
  5920 | D:4      | Reached skill level 9 in Air Magic
  6050 | D:5      | Found an ancient bone altar of Kikubaaqudgha.
  6081 | D:5      | Found a blossoming altar of Fedhas.
  6237 | D:5      | Noticed a hippogriff
  6238 | D:5      | Noticed Grinder
  6244 | D:5      | Killed Grinder
  6244 | D:5      | Reached XP level 9. HP: 34/52 MP: 1/16
  6420 | D:5      | Learned a level 5 spell: Lightning Bolt
  6575 | D:5      | Noticed Ijyb
  6579 | D:5      | Killed Ijyb
  6579 | D:5      | Reached skill level 10 in Air Magic
  6736 | D:5      | Found a shadowy altar of Dithmenos.
  7931 | D:6      | Noticed Duvessa
  7935 | D:6      | Noticed Dowan
  8136 | D:6      | Killed Dowan
  8139 | D:6      | Killed Duvessa
  8451 | D:6      | Found a burning altar of Makhleb.
  8617 | D:6      | Found a staircase to the Ecumenical Temple.
  8627 | Temple   | Entered the Ecumenical Temple
  8986 | D:6      | Reached skill level 10 in Conjurations
  8986 | D:6      | Reached skill level 11 in Air Magic
  9198 | D:7      | Reached skill level 5 in Spellcasting
  9198 | D:7      | Reached XP level 10. HP: 60/61 MP: 3/18
  9659 | D:7      | Found Rinwodeh's General Store.
 10753 | D:7      | Learned a level 3 spell: Ozocubu's Armour
 10862 | D:7      | Reached skill level 5 in Dodging
 10986 | D:7      | Found a deep blue altar of Sif Muna.
 11277 | D:8      | Reached skill level 12 in Air Magic
 11798 | D:8      | Noticed a two-headed ogre
 11804 | D:8      | Killed a two-headed ogre
 11971 | D:8      | Noticed a two-headed ogre
 12026 | D:8      | Killed a two-headed ogre
 12026 | D:8      | Reached skill level 5 in Staves
 12026 | D:8      | Reached XP level 11. HP: 50/68 MP: 2/20
 12398 | D:8      | Found Woclup's Armour Boutique.
 12577 | D:8      | Learned a level 3 spell: Mephitic Cloud
 12818 | D:9      | Found a transporter.
 12819 | D:9      | Noticed a stone giant
 12820 | D:9      | Found a glowing golden altar of the Shining One.
 14370 | D:9      | Reached skill level 13 in Air Magic
 14393 | D:9      | HP: 2/68 [warg (9)]
 14395 | D:9      | Killed from afar by themself

Skill      XL: |  1  2  3  4  5  6  7  8  9 10 11 |
---------------+----------------------------------+-----
Conjurations   | 2 3 4 5 7 8 10 11 | 11.9
Air Magic      | 5 6 7 8 9 11 12 13 | 13.0
Spellcasting   | 3 4 5 6 |  6.2
Fighting       | 1 3 4 |  4.9
Staves         | 2 3 5 |  5.4
Dodging        | 3 4 5 6 |  6.1
Stealth        | |  2.0

Action                   |  1- 3 |  4- 6 |  7- 9 | 10-12 || total
-------------------------+-------+-------+-------+-------++-------
Melee: Dagger            |     1 |     1 |       |       ||     2
       Quarterstaff      |       |       |    38 |    80 ||   118
       Kick              |       |       |     7 |    16 ||    23
       Peck              |       |       |     4 |    15 ||    19
 Cast: Shock             |    55 |   114 |   156 |   233 ||   558
       Static Discharge  |       |     2 |     7 |    11 ||    20
       Swiftness         |       |     1 |     1 |     1 ||     3
       Airstrike         |       |       |    37 |    31 ||    68
       Lightning Bolt    |       |       |     3 |    14 ||    17
       Ozocubu's Armour  |       |       |       |     2 ||     2
       Mephitic Cloud    |       |       |       |     1 ||     1
 Abil: Fly               |       |       |     1 |     2 ||     3
Evoke: Wand              |       |       |       |     1 ||     1
  Use: Potion            |     5 |     4 |       |     2 ||    11
       Scroll            |       |     5 |     2 |     4 ||    11
  Eat: Chunk             |     2 |     9 |    21 |    18 ||    50
       Meat ration       |       |       |       |     1 ||     1
Armor: Robe              |       |     6 |    48 |    68 ||   122
Dodge: Dodged            |     2 |    15 |    81 |   178 ||   276
